 Dungeon Crawl Stone Soup version 0.30-a0-243-gaa749bd8e4 (webtiles) character file.

Game seed: 17623995022818521132

88 DEFE the Conjurer (level 4, -5/25 (26) HPs)
             Began as a Deep Elf Reaver on Oct 12, 2022.
             Killed by divine providence
             ... invoked by an orc priest
              (16 damage)
             ... on level 5 of the Dungeon.
             The game lasted 00:06:16 (1914 turns).

DEFE the Conjurer (Deep Elf Reaver)                 Turns: 1914, Time: 00:06:16

HP:   -5/25 (26)    AC:  3    Str:  9    XL:     4   Next: 29%
MP:   12/12         EV: 13    Int: 20    God:
Gold: 124           SH:  0    Dex: 19    Spells: 7/11 levels left

rFire   + . .      SeeInvis .    a - +0 short sword
rCold   . . .      Faith    .    q - orb {light}
rNeg    . . .      Spirit   .    b - +0 leather armour
rPois   .          Reflect  .    (no helmet)
rElec   .          Harm     .    (no cloak)
rCorr   .          Rampage  .    (no gloves)
Will    .....                    (no boots)
Stlth   +.........               l - amulet of magic regeneration
HPRegen 0.24/turn                k - ring of protection from fire
MPRegen 0.53/turn                p - +6 ring of dexterity

@: about to teleport, glowing, lightly drained
A: no striking features
a: no special abilities


You were on level 5 of the Dungeon.
You visited 1 branch of the dungeon, and saw 5 of its levels.

You collected 124 gold pieces.

Inventory:

Hand Weapons
 a - a +0 short sword (weapon)
Missiles
 o - 4 silver javelins
Armour
 b - a +0 leather armour (worn)
 q - an orb of light (worn)
Magical Staves
 i - a staff of air
Jewellery
 k - a ring of protection from fire (left hand)
 l - an amulet of magic regeneration (around neck)
 p - a +6 ring of dexterity (right hand)
Wands
 s - a wand of iceblast (6)
Scrolls
 e - 3 scrolls of fog
 f - a scroll of magic mapping
 m - a scroll of vulnerability
Potions
 c - a potion of magic
 d - a potion of mutation
 g - a potion of curing
 j - a potion of lignification {unknown}
 n - a potion of flight {unknown}
 r - a potion of might {unknown}


   Skills:
 - Level 2.0 Fighting
 - Level 3.3 Short Blades
 - Level 3.0 Dodging
 + Level 4.0 Spellcasting
 + Level 4.0 Conjurations
 + Level 1.3 Ice Magic


You had 7 spell levels left.
You knew the following spells:

 Your Spells              Type           Power      Damage    Failure   Level
a - Kiss of Death         Conj/Necr      48%        2d9       8%          1
b - Hailstorm             Conj/Ice       14%        3d5       19%         3

Your spell library contained the following spells:

 Spells                   Type           Power      Damage    Failure   Level
 Momentum Strike          Conj/Tloc      24%        3d8       12%         2


Dungeon Overview and Level Annotations

Branches:
Dungeon (6/15)
 Temple: D:4-7

Altars:

Annotations:
D:1 1 transporter


Message History

An adder comes into view.
The adder hisses angrily.
The howler monkey barely misses you. The black bear barely misses you.
The black bear claws you. x2
You take 5 damage, and have 12/25 hp.
Unknown command.
Unknown command.
Unknown command.
The howler monkey closely misses you. The ice beast barely misses you.
Unknown command.
Unknown command.
The black bear attacks as you move away!
The black bear closely misses you. The black bear misses you.
The black bear barely misses you. The howler monkey closely misses you.
Unknown command.
The black bear attacks as you move away!
The black bear bites you. The black bear claws you.
The black bear closely misses you.
Your surroundings suddenly seem different.
An orc wizard and 2 orcs come into view.
Found a scroll of fog and 8 gold pieces.
The orc wizard shouts!
The orc shouts! x2; You hear a shout!
A necrophage comes into view.
You take 2 damage, and have 10/25 hp.
An orc comes into view. It is wielding a +0 dagger.
The orc shouts!
You hear a shout!
An orc comes into view. It is wielding a +0 club.
You hear a shout!
An orc comes into view. It is wielding a +0 club.
The orc shouts!
An orc comes into view. It is wielding a +0 club.
An orc priest comes into view. It is wielding a +0 whip.
The orc moves out of view.
As you read the scroll of teleportation, it crumbles to dust.
You feel strangely unstable.
The orc priest shouts!
The orc priest mumbles some strange prayers to Beogh against you.
Beogh smites you!
Ouch! That really hurt!
You die...

####...###
#........
n.......
..$o.. #..o#
# #..o# ##.
#...#
###...###.##
.....oo@..#
###...#####
o.o#. . ..
#. #


You could see an orc priest and 3 orcs.

Vanquished Creatures
  An orc wizard (D:3)
  2 adders (D:2)
  4 orcs (D:3)
  3 endoplasms
  3 giant cockroaches
  2 goblins (D:1)
  A hobgoblin (D:1)
  3 jackals (D:3)
  A quokka (D:1)
  4 ball pythons
  4 bats
  3 frilled lizards
  4 kobolds (D:1)
  4 rats
39 creatures vanquished.

Notes
Turn   | Place    | Note
-------+----------+-------------------------------------------
     0 | D:1      | DEFE the Deep Elf Reaver began the quest for the Orb.
     0 | D:1      | Reached XP level 1. HP: 12/12 MP: 6/6
    99 | D:1      | Reached XP level 2. HP: 11/15 MP: 8/8
   668 | D:2      | Reached XP level 3. HP: 16/19 MP: 9/9
  1052 | D:2      | Learned a level 3 spell: Hailstorm
  1449 | D:3      | Reached skill level 1 in Ice Magic
  1449 | D:3      | Reached XP level 4. HP: 9/25 MP: 5/11
  1886 | D:3      | You fall into a shaft and drop 3 floors!
  1905 | D:5      | Entered Level 5 of the Dungeon
  1905 | D:5      | Noticed an ice beast
  1905 | D:5      | Noticed a black bear
  1910 | D:5      | Noticed a necrophage
  1914 | D:5      | Killed from afar by an orc priest

Illustrated notes

Levels and vault maps discovered:
D:1:      spicycebolla_arrival_risky_transporter, layout_rooms,
          serial_corexii_hall, corexii_hall_statues_i, corexii_hall_statues_l
D:2:      layout_basic
D:3:      layout_basic, mainiacjoe_overflow_concentric_impassable,
          grunt_ministairs_13, fountainhead
D:5:      layout_loops_ring, mainiacjoe_overflow_small_starburst,
          minmay_temple_entry_sparse_star, st_stairs_1
D:6:      layout_basic, worldfamousw_hep_ancestral_shrine, uniq_pikel

Skill      XL: |  1  2  3  4 |
---------------+-------------+-----
Dodging        | 3 |  3.0
Fighting       | 2 |  2.0
Conjurations   | 4 |  4.0
Ice Magic      | 1 |  1.3
Spellcasting   | 4 |  4.0
Short Blades   | |  3.3

Action                   |  1- 3 |  4- 6 || total
-------------------------+-------+-------++-------
Melee: Short sword       |   124 |    23 ||   147
 Cast: Kiss of Death     |     3 |       ||     3
       Hailstorm         |     2 |       ||     2
  Use: Scroll            |     7 |     3 ||    10
       Potion            |     1 |       ||     1
Armor: Leather armour    |    36 |     6 ||    42
Dodge: Dodged            |    91 |    25 ||   116

Table legend: (Time is in decaauts)
 A = Elapsed time spent in this place.
 B = Non-inter-level travel time spent in this place.
 C = Inter-level travel time spent in this place.
 D = Time resting spent in this place.
 E = Time spent auto-exploring this place.
 F = Levels seen in this place.
 G = Mean time per level.
                   A        B        C        D        E       F      G
               +--------+--------+--------+--------+--------+-----+--------+
         Total |   1889 |   1841 |     48 |    283 |   1164 |   5 |  377.8 |
       Dungeon |   1889 |   1841 |     48 |    283 |   1164 |   5 |  377.8 |
               +--------+--------+--------+--------+--------+-----+--------+

Top non-repeatable levels by time:
     D:2: 814 daAuts
     D:1: 585 daAuts
     D:3: 462 daAuts
     D:6: 18 daAuts
     D:5: 8 daAuts
